Cogmind - Beta 14 @@@ ROGUE MODE // 2024.10.11 @ 01:56:07 Player: KURIIRI Result: Destroyed by as-29591 with Assembled Blade Performance ------------- Evolutions (0) 0 Regions Visited (4) 800 Robots Destroyed (35) 175 Value Destroyed (725) 725 Prototype IDs (27) 540 Alien Tech Used (0) 0 Bonus (300) 300 TOTAL SCORE: 2540 Bonus ------- Aligned with FarCom 300 Cogmind --------- Core Integrity 0/250 Matter 264/300 Energy 250/250 System Corruption 3% Temperature Cool (0) Movement Treading (160) Location -9/Mines Parts ------- > --- POWER (1) -------- Ion Engine > --- PROPULSION (2) --- Light Treads Light Treads > --- UTILITY (2) ------ Large Storage Unit > --- WEAPON (2) ------- Maul > --- INVENTORY (15) --- Ion Engine Nuclear Core Reinforced Deuterium Engine Reinforced Deuterium Engine Fission Core Compact Wheel Improved Heat Sink Hacking Suite Hacking Suite Medium Laser Beam Cannon Firepult Datajack Peak State ------------ > --- POWER ------------ Ion Engine > --- PROPULSION ------- Light Treads Light Treads > --- UTILITY ---------- Large Storage Unit Targeting Computer > --- WEAPON ----------- Firepult > --- INVENTORY -------- Ion Engine Ion Engine Light Ion Engine Nuclear Core Reinforced Deuterium Engine Reinforced Deuterium Engine Compact Wheel Small Storage Unit Hacking Suite Hacking Suite Datajack Hammer Hammer [Rating: 27] Favorites ----------- Power Ion Engine Engine Ion Engine Propulsion Light Treads Treads Light Treads Utility Targeting Computer Storage Large Storage Unit Processor Targeting Computer Protection Light Armor Plating Weapon Beam Cannon Energy Gun Medium Laser Energy Cannon Beam Cannon Ballistic Gun Light Assault Rifle Impact Weapon Hammer Build | -11 -10 -10 -10 -9 ------- Run | Yrd Mat Min Exi Min Slots Evolved . | . . . . . Power . | . . . . . Propulsion . | . . . . . Utility . | . . . . . Weapon . | . . . . . Parts Attached 30 | 6 19 . . 5 Power 4 | 1 3 . . . Engine 4 | 1 3 . . . Core . | . . . . . Reactor . | . . . . . Propulsion 6 | 2 4 . . . Treads 6 | 2 4 . . . Leg . | . . . . . Wheel . | . . . . . Hover . | . . . . . Flight . | . . . . . Utility 6 | 1 5 . . . Device . | . . . . . Storage 2 | 1 1 . . . Processor 1 | . 1 . . . Hackware . | . . . . . Protection 3 | . 3 . . . Artifact . | . . . . . Weapon 14 | 2 7 . . 5 Energy Gun 4 | 1 2 . . 1 Energy Cannon 5 | . 2 . . 3 Ballistic Gun 3 | 1 2 . . . Ballistic Cannon . | . . . . . Launcher . | . . . . . Special Weapon . | . . . . . Impact Weapon 2 | . 1 . . 1 Slashing Weapon . | . . . . . Piercing Weapon . | . . . . . Special Melee Weapon . | . . . . . Unidentified Prototypes . | . . . . . Parts Lost 4 | . 3 . . 1 Power 1 | . 1 . . . Propulsion . | . . . . . Utility 1 | . . . . 1 Weapon 2 | . 2 . . . Highest Loss Streak 1 | . 1 . . 1 To Critical Strikes . | . . . . . Average Slot Usage (%) 96 | . 94 100 100 96 Engine 13 | . 13 14 14 14 Treads 27 | . 26 28 28 28 Storage 14 | . 14 14 14 14 Processor 11 | . 9 14 14 14 Energy Gun 8 | . 4 14 14 10 Energy Cannon 11 | . 10 14 14 12 Ballistic Gun 6 | . 11 . . . Peak Build Rating 27 | 6 8 8 11 27 Average Rating 8 | 4 7 8 9 12 On Entrance 6 | . 6 8 8 11 Naked Turns . | . . . . . Heaviest Build 47 | 14 30 30 30 47 Greatest Support 40 | 40 40 40 40 40 Greatest Overweight (x) 1 | . . . . 1 Average Overweight (x) . | . . . . . Largest Inventory Capacity 15 | 8 15 15 15 15 Average Capacity 13 | 6 12 15 15 15 Most Carried 15 | 2 12 12 15 15 Average Carried 9 | . 7 12 14 13 Final Capacity 15 | 8 15 15 15 15 Final Carried 15 | 2 12 12 15 14 Class Distribution -------------------- 100% | Mutant Dominant Class ---------------- Mutant | -10/Materials Mutant | -10/Mines Mutant | -10/Exiles Mutant | -9/Mines Resources | -11 -10 -10 -10 -9 ----------- Run | Yrd Mat Min Exi Min Matter Collected 653 | 211 396 . . 46 Remotely . | . . . . . Salvage Created 1151 | . 843 77 . 231 Parts 74 | . 65 3 . 6 Haulers Intercepted 1 | . 1 . . . Recyclers Shooed 3 | . 3 . . . Parts Field Recycled . | . . . . . Retrieved Matter . | . . . . . Parts Self-Destructed . | . . . . . Prevented . | . . . . . Kills | -11 -10 -10 -10 -9 ------- Run | Yrd Mat Min Exi Min Combat Hostiles Destroyed 29 | . 18 2 . 9 Melee 5 | . 3 . . 2 Guns 13 | . 13 . . . Cannons 6 | . 2 2 . 2 AOE 5 | . . . . 5 Classes Destroyed 9 | . 8 . . 1 Worker 4 | . 4 . . . Tunneler 1 | . 1 . . . Hauler 1 | . 1 . . . Recycler 2 | . 2 . . . Operator 2 | . 2 . . . Watcher 2 | . 2 . . . Swarmer 8 | . 8 . . . Grunt 15 | . 10 2 . 3 Assembled 6 | . . . . 6 Best Kill Streak 6 | . 4 2 . 6 Combat Bots Only 6 | . 3 2 . 6 Max Kills in Single Turn 2 | . 2 1 . 2 Gunslinging 1 | . 1 . . . Exploded 2 | . . . . 2 Melee 1 | . 1 . . 1 Uniques/NPCs Destroyed . | . . . . . Combat | -11 -10 -10 -10 -9 -------- Run | Yrd Mat Min Exi Min Hostile Shots Fired 153 | . 137 5 . 11 Missed 41 | . 37 2 . 2 Damage Taken 1323 | . 1003 47 . 273 Core 271 | . 175 18 . 78 Absorbed by Shields . | . . . . . Regen/Repaired (Parts) 382 | . 382 . . . Core Remaining (%) 100 | 100 . . . . Volleys Fired 84 | . 72 5 . 7 Largest 2 | . 2 2 . 1 Hottest 250 | . 80 110 . 250 Shots Fired 148 | . 131 10 . 7 Gun 119 | . 114 5 . . Cannon 29 | . 17 5 . 7 Launcher . | . . . . . Special . | . . . . . Kinetic 70 | . 70 . . . Thermal 78 | . 61 10 . 7 Explosive . | . . . . . Electromagnetic . | . . . . . Robot Hit Streak 7 | . 7 4 . 3 Robot Miss Streak 6 | . 6 2 . 4 Penetration Max . | . . . . . Secondary Targets 1 | . 1 . . . Max Gunslinging Chain 1 | . 1 . . . Shots Hit Robots 94 | . 83 7 . 4 Core Hits 59 | . 38 4 . 17 Critical Kills . | . . . . . Critical Parts Destroyed 2 | . 2 . . . Critical Strikes 4 | . 3 1 . . Burn 2 | . 1 1 . . Smash 2 | . 2 . . . Melee Attacks 20 | . 15 . . 5 Impact 20 | . 15 . . 5 Slashing . | . . . . . Piercing . | . . . . . Sneak Attacks 1 | . 1 . . . Combat Hostiles . | . . . . . Follow-up Attacks . | . . . . . Damage Inflicted 1859 | . 1260 107 . 492 Guns 855 | . 806 49 . . Cannons 320 | . 193 53 . 74 Explosions 283 | . . . . 283 Melee 378 | . 243 . . 135 Ramming 23 | . 18 5 . . Kinetic 508 | . 508 . . . Thermal 950 | . 491 102 . 357 Explosive . | . . . . . Electromagnetic . | . . . . . Impact 378 | . 243 . . 135 Slashing . | . . . . . Piercing . | . . . . . Highest Corruption 3 | . . . . 3 Average Corruption 3 | . . . . 3 Corruption Purged . | . . . . . Corruption Blocked . | . . . . . Overload Shots . | . . . . . Overflow Damage 57 | . 57 . . . Projectiles . | . . . . . Explosions . | . . . . . Melee 57 | . 57 . . . Knockbacks 2 | . 1 . . 1 Impact 2 | . 1 . . 1 Kinetic . | . . . . . Secondary . | . . . . . Self-Inflicted Damage 57 | . . . . 57 Shots 6 | . . . . 6 Rammed 1 | . . 1 . . Targets Rammed 4 | . 3 1 . . Kicked . | . . . . . Crushed 3 | . 3 . . . Highest Temperature 424 | . 198 263 . 424 Average Temperature 80 | . 58 116 . 151 Received Heat Transfer 477 | . 414 63 . . Effects 3 | . . . . 3 Interference 2 | . . . . 2 Matter Decay 1 | . . . . 1 Siege Activations . | . . . . . Robots Corrupted 1 | . 1 . . . Combat Hostiles . | . . . . . Parts Fried 3 | . 3 . . . Impact Corruptions 3 | . 3 . . . Robots Melted . | . . . . . Combat Hostiles . | . . . . . Parts Melted 5 | . 3 . . 2 Heat Transferred 3659 | . 1369 333 . 1957 Parts Sabotaged . | . . . . . Parts Stolen . | . . . . . Parts Stripped . | . . . . . Power Chain Reactions . | . . . . . Alert | -11 -10 -10 -10 -9 ------- Run | Yrd Mat Min Exi Min Peak Influence 323 | . 323 94 . 104 Initial 44 | . . 44 . . Average 79 | . 93 70 . 53 Maximum Alert Level 1 | . 1 . . . Low Security (%) 93 | 100 90 100 . 100 Level 1 6 | . 9 . . . Level 2 . | . . . . . Level 3 . | . . . . . Level 4 . | . . . . . Level 5 . | . . . . . High Security . | . . . . . Max Security . | . . . . . Squads Dispatched 4 | . 4 . . . Investigation 4 | . 4 . . . Extermination . | . . . . . Reinforcement . | . . . . . Assault . | . . . . . Garrison . | . . . . . Intercept . | . . . . . Searches Triggered . | . . . . . Construction Impeded . | . . . . . Haulers Reinforced . | . . . . . Active Scanning Responses . | . . . . . Cargo Convoy Interrupts . | . . . . . Stealth | -11 -10 -10 -10 -9 --------- Run | Yrd Mat Min Exi Min Distress Signals 2 | . 2 . . . Communications Jammed . | . . . . . Distress Signals . | . . . . . Times Spotted 57 | . 28 2 . 27 Peak Tracking Total 17 | . 4 2 . 17 Tactical Retreats 5 | . 3 . . 2 Traps | -11 -10 -10 -10 -9 ------- Run | Yrd Mat Min Exi Min Traps Triggered 2 | . 2 . . . Indirectly . | . . . . . Trap Hack Attempts . | . . . . . Triggered . | . . . . . Disarmed . | . . . . . Reprogrammed . | . . . . . Reused . | . . . . . Traps Extracted . | . . . . . Installed . | . . . . . Triggered . | . . . . . Machines | -11 -10 -10 -10 -9 ---------- Run | Yrd Mat Min Exi Min Machines Disabled 2 | . 1 . . 1 Max in Single Turn 1 | . 1 . . 1 Machines Repaired . | . . . . . Machines Dismantled . | . . . . . Machines Sabotaged . | . . . . . Overloaded Fab Kills . | . . . . . Hacking | -11 -10 -10 -10 -9 --------- Run | Yrd Mat Min Exi Min Machines Accessed 10 | . 8 . 2 . Terminals 7 | . 7 . . . Fabricators . | . . . . . Repair Stations 1 | . 1 . . . Recycling Units . | . . . . . Scanalyzers . | . . . . . Garrison Access . | . . . . . Total Hacks 55 | . 41 . 14 . Successful 36 | . 22 . 14 . Failed 19 | . 19 . . . Catastrophic . | . . . . . Database Lockouts . | . . . . . Manual 30 | . 29 . 1 . Terminals 33 | . 33 . . . Fabricators . | . . . . . Repair Stations 8 | . 8 . . . Recycling Units . | . . . . . Scanalyzers . | . . . . . Garrison Access . | . . . . . Terminal Hacks 22 | . 8 . 14 . Record 13 | . . . 13 . Robot Analysis 4 | . 4 . . . Prototype ID Bank 3 | . 3 . . . Unreport Threat 1 | . 1 . . . Derelict Proto ID Bank 1 | . . . 1 . Fabricator Hacks . | . . . . . Repair Station Hacks 8 | . 8 . . . Scan Component 4 | . 4 . . . Repair 4 | . 4 . . . Recycling Unit Hacks . | . . . . . Scanalyzer . | . . . . . Garrison Access Hacks . | . . . . . Unauthorized Hacks 6 | . 6 . . . Terminals 6 | . 6 . . . Assimilate 2 | . 2 . . . Botnet 3 | . 3 . . . Operators 1 | . 1 . . . Fabricators . | . . . . . Repair Stations . | . . . . . Recycling Units . | . . . . . Scanalyzers . | . . . . . Garrison Access . | . . . . . Data Cores Recovered 2 | . 2 . . . Used . | . . . . . Hacking Detections 7 | . 7 . . . Full Trace Events 7 | . 7 . . . Feedback Events . | . . . . . Feedback Blocked . | . . . . . Robot Schematics Acquired . | . . . . . Robots Built . | . . . . . Authchips . | . . . . . Time . | . . . . . Total Robot Build Rating . | . . . . . Part Schematics Acquired . | . . . . . Parts Built . | . . . . . Authchips . | . . . . . Time . | . . . . . Total Part Build Rating . | . . . . . Parts Repaired 4 | . 4 . . . Time 104 | . 104 . . . Parts Recycled . | . . . . . Recycled Matter . | . . . . . Retrieved Matter . | . . . . . Retrieved Components . | . . . . . Parts Scanalyzed . | . . . . . Part Schematics Acquired . | . . . . . Parts Damaged . | . . . . . Bothacking | -11 -10 -10 -10 -9 ------------ Run | Yrd Mat Min Exi Min Used RIF Installer . | . . . . . Robots Hacked . | . . . . . Non-combat . | . . . . . Combat . | . . . . . Robot Hacks Applied . | . . . . . Relay Couplers Released . | . . . . . Fabnet Peak Effective % . | . . . . . Robots Rewired . | . . . . . Allies Hacked . | . . . . . Hacks Repelled . | . . . . . Allies | -11 -10 -10 -10 -9 -------- Run | Yrd Mat Min Exi Min Total Allies 1 | . 1 . . . Largest Group 1 | . 1 . . . Highest-Rated Group 10 | . 10 . . . Highest-Rated Ally 10 | . 10 . . . Total Orders . | . . . . . Ally Attacks . | . . . . . Total Damage . | . . . . . Kills . | . . . . . Allies Corrupted . | . . . . . Allies Melted . | . . . . . Intel | -11 -10 -10 -10 -9 ------- Run | Yrd Mat Min Exi Min Robot Analysis Total 4 | . 4 . . . Derelict Logs Recovered 2 | . . 1 . 1 Drone Launches . | . . . . . Drone Recoveries . | . . . . . Exploration | -11 -10 -10 -10 -9 ------------- Run | Yrd Mat Min Exi Min Turns Passed 2745 | 69 1531 315 354 476 Spaces Moved 1318 | 40 628 186 219 245 Core 4 | 4 . . . . Treads 1314 | 36 628 186 219 245 Legs . | . . . . . Wheels . | . . . . . Hover . | . . . . . Flight . | . . . . . Fastest Speed 50 | 50 160 160 160 160 Average Speed 160 | 149 160 160 160 163 Slowest Speed 240 | 160 160 160 160 240 Overloaded Moves . | . . . . . Propulsion Burnouts . | . . . . . Robots Hopped . | . . . . . Cave-ins Triggered . | . . . . . Exploration Rate (%) 46 | 4 87 29 60 53 Regions Visited 4 Branch Regions 3 Pre-discovered Areas 3 | . . 1 1 1 Known Exits Taken . | . . . . . Unknown Exits Taken 4 | 1 1 1 1 . Scrap Searched 2 | . . 1 . 1 Spaces Dug 1 | . 1 . . . Terrain Destroyed 38 | . 1 . . 37 Melee 1 | . 1 . . . Projectile . | . . . . . AOE 37 | . . . . 37 Terrain Rammed . | . . . . . Walls Destroyed . | . . . . . Machines Disabled . | . . . . . Actions | -11 -10 -10 -10 -9 --------- Run | Yrd Mat Min Exi Min Total 1765 | 47 992 193 224 309 Wait 276 | . 242 2 . 32 Move 1314 | 39 627 185 218 245 Hop . | . . . . . Pick Up 21 | 2 11 . 4 4 Fast Attach 20 | 6 12 . . 2 Attach 4 | . 1 . . 3 Detach 3 | . . . . 3 Swap 6 | . 6 . . . Drop 13 | . 3 . 2 8 Fire 84 | . 72 5 . 7 Melee 20 | . 15 . . 5 Ram . | . . . . . Kick . | . . . . . Crush 4 | . 3 1 . . Escape Stasis . | . . . . . Rewire . | . . . . . Trap . | . . . . . Miscellaneous . | . . . . . Route ------- -11/Scrapyard -10/Materials (discovered 4 exits: [*Mat x2] / [*Min x2]) -10/Mines -10/Exiles -9/Mines History --------- Turn | Location | Event 11 | -11/Scrapyard | Discovered new exit (range 15) 70 | -11/Scrapyard | Entered Materials 311 | -10/Materials | Build established: Mutant 671 | -10/Materials | Discovered new exit (range 16) 753 | -10/Materials | Discovered new exit (range 7) 899 | -10/Materials | Discovered new exit (range 7) 1303 | -10/Materials | Repaired Lgt. Treads 1331 | -10/Materials | Repaired Lgt. Treads 1358 | -10/Materials | Repaired Med. Laser 1366 | -10/Materials | Discovered new exit (range 3) 1404 | -10/Materials | Core integrity fell below 50% 1493 | -10/Materials | Repaired Lgt. Treads 1601 | -10/Materials | Entered Mines 1622 | -10/Mines | Deemed a non-threat by the Exiles lab entrance 1622 | -10/Mines | Discovered new exit (range 5) 1707 | -10/Mines | Learned location of Mines (-9) 1916 | -10/Mines | Entered Exiles 1959 | -10/Exiles | Met 8R-AWN 1985 | -10/Exiles | Met EX-HEX 2031 | -10/Exiles | Met EX-BIN 2051 | -10/Exiles | Aligned with FarCom system 2052 | -10/Exiles | Given EX-Vault access code 2091 | -10/Exiles | Opened EX-Vault 2101 | -10/Exiles | Found Firepult 2139 | -10/Exiles | Warned to stay clear of 0b10 Research branches 2182 | -10/Exiles | Met EX-DEC 2189 | -10/Exiles | Learned location of Zion (-7) 2249 | -10/Exiles | Discovered new exit (range 14) 2270 | -10/Exiles | Left Exiles lab with Firepult 2270 | -10/Exiles | Entered Mines 2282 | -9/Mines | Met a Derelict bent on vengeance 2594 | -9/Mines | Learned location of Storage (-9) 2679 | -9/Mines | Assembled infested the area 2684 | -9/Mines | Assisted by a Guerilla fighting off Assembled 2707 | -9/Mines | Core integrity fell below 20% 2746 | -9/Mines | Destroyed by as-29591 with Assembled Blade Last Messages --------------- 02698_ as-40271 destroyed. 02700_ Acquired Beam Cannon. 02703_ HV Slug penetrates Wall. 02704_ as-86118 sneak attacks. 02704_ L6-AKR(h) destroyed. 02706_ as-86118 destroyed. 02706_ as-82703 destroyed. 02708_ as-22070 heat short circuits Asb. Hover Unit. 02709_ Overheating: Matter decay (-37). 02710_ Overheating: System interference. 02710_ Firepult temporarily disabled. 02720_ as-71388 destroyed. 02723_ Acquired 10 matter. 02729_ Acquired 6 matter. 02732_ as-22070 destroyed. 02735_ as-23269 knocked back. 02738_ Acquired Fission Core. 02744_ Targeting Computer destroyed. 02744_ System corrupted by crushing effect (+3). Map ----- +----------------------------------------------------+ | ##???????????????####??????## ##? | | ????????????????????????????## #? | | ?????????????????????????????## #? | | ??????????????????????????????## ##? | | ???????????????????????????????# #?? | | ???????????????????????????????## ##?? | | ???????????????????????????????## ##?? | | ???????????????????????????????# #?? | | ???????????????????????????????# #?? | | ???????????????????????????????# ##?? | | ???????????????????????????????## #??? | | ?????????????????????????????#### #??? | | ?????????????????????????????# #??? | | ?????????????????????????????# ####??? | | ?????????????????????????????# #?????? | | ???????????????d?????######### #?????? | | ????????????????????# #?????? | | ???????????????????# ###### ###?????? | | ???????????????????????????#%"???????? | | ???????????????????????????# #???????? | | ???????????????????????????# #???????? | | ???????????????????????????# #???????? | | ???????????????????????????#%#???????? | | ??????????????????????###### ##??????? | | ???????????????# #### a #??????? | | ??????????????# % @a #??????? | | ?????????????# ### a #??????? | | ?????????????# ???????### ##??????? | | ????????????????????????######???????? | | ?????????????????????????????????????? | | ?????????????????????????????????????? | | ?????????????????????????????????????? | | ?????????????????????????????????????? | | ?????????????????????????????????????? | | ?????????????????????????????????????? | | ?????????????????????????????????????? | | ?????????????????????????????????????? | | ?????????????????????????????????????? | | ?????????????????????????????????????? | | ?????????????????????????????????????? | | ?????????????????????????????????????? | | ?????????????????????????????????????? | | ?????????????????????????????????????? | | ?????????????????????????????????????? | | ?????????????????????????????????????? | | ?????????????????????????????????????? | | ?????????????????????????????????????? | | ?????????????????????????????????????? | | ?????????????????????????????????????? | | ?????????????????????????????????????? | +----------------------------------------------------+ Best States ------------- Heat Dissipation 25 Energy Generation 10 Energy Capacity 250 Matter Stores 300 Matter Capacity 300 Sight Range 16 Terrain Scan Density 10 Armor Coverage 150 Core Shielding 20 Evasion (%) 40 Targeting Accuracy 5 Recoil Reduction 2 Item Schematics ----------------- None Robot Schematics ------------------ None Fabricated ------------ Nothing Alien Tech Used ----------------- None Achievements -------------- None Challenges ------------ None Game ------ Seed ScrapImprinterStorage Manual? 0 Play Time 00:19:43 Cumulative 111.1 hours Start 2024.10.11 @ 01:38:48 End 2024.10.11 @ 01:56:07 Sessions 1 Manual Loads 0 Difficulty Rogue Special Mode None Game No. 72 Rogue 36 Adventurer 36 Explorer 0 Win Type - Total 2 Types 2/0/0/0/0/0/0/0/0 Lore% 51 Gallery% 56 Achievement% 51 Wizard Run 0 Options --------- Layout 1 ASCII 0 Keyboard 0 Movement Numpad Keybinds 0 Fullscreen 1 Font 48/Smallcaps Map View 50x35 Zoom Use 0% Tactical HUD 1 Map Filters NONE Filters NONE Steam 1 RUN: 0316277c-a755-48fc-8e74-f730c3418741